 Dungeon Crawl Stone Soup version 0.21-a0-163-g3aa3f5d (webtiles) character file.

10057 tilp the Arsonist (level 11, -6/86 HPs)
             Began as a Hill Orc Fire Elementalist on Aug 5, 2017.
             Was a High Priest of Okawaru.
             Mangled by a red ugly thing (18 damage)
             ... on level 11 of the Dungeon.
             The game lasted 00:48:37 (13574 turns).

tilp the Arsonist (Hill Orc Fire Elementalist)     Turns: 13574, Time: 00:48:38

Health: -6/86      AC: 13    Str: 17    XL:     11   Next: 56%
Magic:  14/14      EV: 10    Int: 18    God:    Okawaru [*****.]
Gold:   256        SH:  0    Dex: 12    Spells: 3/14 levels left

rFire    . . .     SeeInvis .   t - +8 battleaxe (elec)
rCold    + . .     Gourm    .   (shield currently unavailable)
rNeg     + . .     Faith    .   G - +0 pearl dragon scales
rPois    +         Spirit   .   R - +0 hat "Jorioggod" {rElec MR+++ Regen+ Dex-2}
rElec    +         Reflect  .   i - +0 cloak
rCorr    .         Harm     .   J - +1 pair of gloves {Dex+3}
MR       +++..     NoTele   +   (no boots)
Stlth    +.........             (no amulet)
HPRegen  0.64/turn              p - ring of poison resistance
MPRegen  0.14/turn              e - ring of Fatigue {-Tele rC+ Str+5 Stlth+}

@: no status effects
A: no striking features
a: Heroism, Finesse, Renounce Religion


You were on level 11 of the Dungeon.
You worshipped Okawaru.
Okawaru was extremely pleased with you.
You were hungry.

You visited 2 branches of the dungeon, and saw 13 of its levels.

You collected 622 gold pieces.
You spent 366 gold pieces at shops.

Inventory:

Hand Weapons
 t - a +8 battleaxe of electrocution (weapon)
Missiles
 l - 7 tomahawks
 D - 5 javelins (quivered)
Armour
 i - a +0 cloak (worn)
 y - a +1 helmet
 G - +0 pearl dragon scales (worn)
 J - a +1 pair of gloves of dexterity (worn)
 P - a +0 troll leather armour
 R - the +0 hat "Jorioggod" (worn) {rElec MR+++ Regen+ Dex-2}
   (Okawaru gifted it to you on level 11 of the Dungeon)

   It affects your dexterity (-2).
   It insulates you from electricity.
   It affects your resistance to hostile enchantments.
   It increases your rate of regeneration.
Magical Staves
 B - an uncursed staff of death {unknown}
Jewellery
 e - the ring of Fatigue (right hand) {-Tele rC+ Str+5 Stlth+}
   (You found it on level 10 of the Dungeon)

   [ring of strength]

   It affects your strength (+5).
   It protects you from cold.
   It prevents most forms of teleportation.
   It makes you more stealthy.
 p - a ring of poison resistance (left hand)
 Q - a cursed ring of teleportation {unknown}
Wands
 j - a wand of iceblast (6/15)
 n - a wand of paralysis (9/24)
 o - a wand of flame (40/48)
 L - a wand of confusion (23/48)
Scrolls
 a - 2 scrolls of fog
 d - a scroll of noise {unknown}
 h - 4 scrolls of remove curse
 q - 2 scrolls of amnesia
 r - 4 scrolls of blinking
 v - a scroll of fear {unknown}
 A - 3 scrolls of teleportation
Potions
 f - 4 potions of flight
 g - 3 potions of haste
 s - 2 potions of lignification {unknown}
 u - a potion of mutation {unknown}
 x - a potion of magic {unknown}
 C - 4 potions of curing
 E - 2 potions of agility
 F - a potion of brilliance {unknown}
 H - 3 potions of ambrosia
Books
 b - a book of Flames

   Spells                             Type                      Level
   a - Flame Tongue                   Conjuration/Fire             1
   b - Throw Flame                    Conjuration/Fire             2
   c - Conjure Flame                  Conjuration/Fire             3
   d - Inner Flame                    Hexes/Fire                   3
   e - Sticky Flame                   Conjuration/Fire             4
   f - Fireball                       Conjuration/Fire             5
 I - a book of Necromancy

   Spells                             Type                      Level
   a - Pain                           Necromancy                   1
   b - Animate Skeleton               Necromancy                   1
   c - Vampiric Draining              Necromancy                   3
   d - Regeneration                   Charms/Necromancy            3
   e - Animate Dead                   Necromancy                   4
   f - Control Undead                 Necromancy                   4
 K - a book of Misfortune

   Spells                             Type                      Level
   a - Confusing Touch                Hexes                        1
   b - Confuse                        Hexes                        3
   c - Gell's Gravitas                Translocation                3
   d - Petrify                        Transmutation/Earth          4
   e - Metabolic Englaciation         Hexes/Ice                    5
   f - Yara's Violent Unravelling     Hexes/Transmutation          5
 M - a Young Poisoner's Handbook

   Spells                             Type                      Level
   a - Sting                          Conjuration/Poison           1
   b - Poisonous Vapours              Poison/Air                   2
   c - Mephitic Cloud                 Conjuration/Poison/Air       3
   d - Olgreb's Toxic Radiance        Poison                       4
   e - Venom Bolt                     Conjuration/Poison           5
 N - a book of Minor Magic

   Spells                             Type                      Level
   a - Magic Dart                     Conjuration                  1
   b - Blink                          Translocation                2
   c - Call Imp                       Summoning                    2
   d - Slow                           Hexes                        2
   e - Conjure Flame                  Conjuration/Fire             3
   f - Mephitic Cloud                 Conjuration/Poison/Air       3
 O - a book of Minor Magic

   Spells                             Type                      Level
   a - Magic Dart                     Conjuration                  1
   b - Blink                          Translocation                2
   c - Call Imp                       Summoning                    2
   d - Slow                           Hexes                        2
   e - Conjure Flame                  Conjuration/Fire             3
   f - Mephitic Cloud                 Conjuration/Poison/Air       3
Comestibles
 c - 9 bread rations
 k - 3 royal jellies
 m - 2 meat rations


   Skills:
 - Level 5.0 Fighting
 + Level 7.8 Axes
 - Level 3.0 Dodging
 - Level 1.5 Stealth
 - Level 2.1 Spellcasting
 * Level 11.1 Conjurations
 + Level 1.6 Necromancy
 * Level 12.2 Fire Magic


You had 3 spell levels left.
You knew the following spells:

 Your Spells              Type           Power        Failure   Level  Hunger
a - Flame Tongue          Conj/Fire      #####        1%          1    #......
b - Throw Flame           Conj/Fire      #####.       1%          2    ###....
c - Conjure Flame         Conj/Fire      #####...     1%          3    ###....
d - Sticky Flame          Conj/Fire      #####...     7%          4    #####..
e - Animate Skeleton      Necr           N/A          41%         1    #......


Dungeon Overview and Level Annotations

Branches:
Dungeon (12/15)            Temple (1/1) D:6            Lair (0/6) D:8
    Orc (0/2) D:12

Altars:
Cheibriados
Makhleb
Nemelex Xobeh
Okawaru
Trog
Uskayaw
Zin

Shops:
D:7 }   D:10 ?


Message History

The red ugly thing bites you!
You are engulfed in flames!!
* * * LOW HITPOINT WARNING * * *
Unknown command.
You feel much better. The red ugly thing bites you.
You are engulfed in flames!
* * * LOW HITPOINT WARNING * * *
Unknown command.
You feel much better. The red ugly thing bites you!
You are engulfed in flames!
* * * LOW HITPOINT WARNING * * *
Press: ? - help, v - describe, . - travel
Here: a red ugly thing (heavily wounded)
The floor.
Aiming: Paralyse (will waste charges)
Press: ? - help, Shift-Dir - straight line, f - red ugly thing
Aim: a red ugly thing (heavily wounded, chance to defeat MR: 28%)
The red ugly thing easily resists.
Evoking this partially-identified wand wasted a few charges.
The red ugly thing bites you.
* * * LOW HITPOINT WARNING * * *
You are engulfed in flames!!
You die...

....##....................#
...##....................##
.####...................### #####
..###.....#.............#.###.#..
.###.#.....>........#......#.....
..#................###..#.###....
.###.........<>.....#.....###..#.
##.........................#.....
.....#..........@.......#.....##.
[.......#.......u......<#.....#..
....##...........................
...........#.#...............##..
.........#..##..........#........
........#........................
.......##...................#....
.......#........................#
.................................


You could see a red ugly thing.

Vanquished Creatures
  4 two-headed ogres
  An unseen horror (D:11)
  2 trolls
  3 hippogriffs
  Sigmund (D:4)
  A spriggan (D:10)
  Eustachio (D:4)
  2 wyverns (D:11)
  A hungry ghost (D:9)
  2 basilisks (D:8)
  A steam dragon (D:11)
  A soldier ant (D:10)
  A water moccasin (D:10)
  A black bear (D:10)
  2 phantoms
  2 ice beasts
  7 ogres
  2 necrophages
  6 centaurs
  2 crocodiles
  A big kobold (D:9)
  5 bullfrogs
  A wyvern zombie (D:11)
  2 scorpions (D:5)
  9 killer bees
  10 howler monkeys
  2 bullfrog skeletons
  A bullfrog zombie (D:3)
  3 centaur skeletons
  5 hounds
  4 jellies
  5 orc priests
  5 orc wizards
  5 iguanas
  A worker ant (D:11)
  A hound zombie (D:7)
  A hound skeleton (D:5)
  A worker ant zombie (D:6)
  3 gnolls (D:7)
  12 adders
  A shadow imp (D:7)
  3 oozes
  2 adder skeletons
  4 worms
  A dart slug (D:3)
  4 leopard geckos
  13 orcs
  14 bats
  4 giant cockroaches
  10 goblins
  4 hobgoblins
  14 jackals
  6 kobolds
  4 quokkas
  2 ball pythons
  6 frilled lizards
  A jackal skeleton (D:9)
  A quokka skeleton (D:5)
  15 rats
229 creatures vanquished.

Vanquished Creatures (collateral kills)
  A hippogriff (D:10)
  A yak (D:8)
  A water moccasin (D:9)
  An orc warrior (D:8)
  A scorpion (D:11)
  A howler monkey (D:9)
  A quasit (D:8)
  3 orc wizards
  A worker ant (D:11)
  3 orcs
  2 kobolds (D:9)
16 creatures vanquished.

Grand Total: 245 creatures vanquished

Notes
Turn   | Place    | Note
-------+----------+-------------------------------------------
     0 | D:1      | tilp the Hill Orc Fire Elementalist began the quest for the Orb.
     0 | D:1      | Reached XP level 1. HP: 14/14 MP: 3/3
   172 | D:1      | Reached XP level 2. HP: 14/20 MP: 5/5
   698 | D:1      | Reached XP level 3. HP: 11/26 MP: 0/6
  1452 | D:2      | Learned a level 2 spell: Throw Flame
  1456 | D:2      | Learned a level 3 spell: Conjure Flame
  1826 | D:2      | Found a burning altar of Makhleb.
  1826 | D:2      | Noticed a green death
  1879 | D:2      | Reached XP level 4. HP: 21/33 MP: 7/7
  2057 | D:2      | Found an iron altar of Okawaru.
  2074 | D:2      | Became a worshipper of Warmaster Okawaru
  2946 | D:3      | Found a hide-covered altar of Uskayaw.
  2956 | D:3      | Reached skill level 4 in Fire Magic
  2956 | D:3      | Reached XP level 5. HP: 19/38 MP: 5/8
  3877 | D:4      | Noticed Sigmund
  4054 | D:4      | Noticed Eustachio
  4156 | D:5      | Entered Level 5 of the Dungeon
  4298 | D:5      | Reached skill level 1 in Fighting
  4298 | D:5      | Reached skill level 1 in Axes
  4298 | D:5      | Reached XP level 6. HP: 16/47 MP: 1/9
  4377 | D:5      | Reached skill level 5 in Fire Magic
  4392 | D:5      | Reached * piety under Okawaru
  4673 | D:5      | Reached XP level 7. HP: 36/55 MP: 0/10
  5391 | D:5      | Found a snail-covered altar of Cheibriados.
  5961 | D:6      | Found a staircase to the Ecumenical Temple.
  5986 | Temple   | Entered the Ecumenical Temple
  6022 | D:6      | Found a sparkling altar of Nemelex Xobeh.
  6244 | D:6      | Reached skill level 5 in Conjurations
  6244 | D:6      | Reached skill level 6 in Fire Magic
  6887 | D:6      | Reached ** piety under Okawaru
  7093 | D:6      | Reached XP level 8. HP: 37/62 MP: 8/11
  7102 | D:6      | Learned a level 4 spell: Sticky Flame
  7613 | D:7      | Reached skill level 7 in Fire Magic
  7989 | D:7      | Found Koasa's Gadget Boutique.
  8148 | D:7      | Noticed a moth of wrath
  8152 | D:7      | Found a bloodstained altar of Trog.
  8267 | D:7      | Noticed a hippogriff
  8272 | D:7      | Killed a hippogriff
  8347 | D:7      | Learned a level 1 spell: Animate Skeleton
  8427 | D:8      | Reached *** piety under Okawaru
  8488 | D:8      | Reached XP level 9. HP: 71/71 MP: 3/12
  8584 | D:8      | Reached skill level 8 in Fire Magic
  8722 | D:8      | Noticed a troll
  8733 | D:8      | Killed a troll
  8733 | D:8      | Reached skill level 5 in Fighting
  8836 | D:8      | Noticed a two-headed ogre
  8969 | D:8      | Found a glowing silver altar of Zin.
  9139 | D:8      | Found a staircase to the Lair.
  9168 | D:8      | Reached skill level 9 in Fire Magic
  9169 | D:8      | Noticed a two-headed ogre
  9223 | D:8      | Reached **** piety under Okawaru
  9514 | D:7      | Reached skill level 5 in Axes
  9557 | D:8      | Killed a two-headed ogre
  9557 | D:8      | Reached XP level 10. HP: 80/80 MP: 0/13
  9673 | D:8      | Killed a two-headed ogre
  9673 | D:8      | Reached skill level 10 in Fire Magic
  9822 | D:8      | Reached ***** piety under Okawaru
 10762 | D:9      | Received a gift from Okawaru
 11069 | D:10     | Entered Level 10 of the Dungeon
 11178 | D:10     | Reached skill level 10 in Conjurations
 11178 | D:10     | Reached skill level 11 in Fire Magic
 11590 | D:10     | Found Jullos's Magic Scroll Shoppe.
 11595 | D:10     | Bought a scroll of magic mapping for 52 gold pieces
 11595 | D:10     | Bought 2 scrolls of identify for 60 gold pieces
 11595 | D:10     | Bought a scroll of enchant armour for 112 gold pieces
 11595 | D:10     | Bought a scroll of enchant weapon for 112 gold pieces
 11595 | D:10     | Bought a scroll of identify for 30 gold pieces
 11691 | D:10     | Got a steaming bone ring
 11752 | D:10     | Identified the ring of Fatigue {-Tele rC+ Str+5 Stlth+} (You found it on level 10 of the Dungeon)
 11771 | D:10     | Reached XP level 11. HP: 80/85 MP: 14/14
 12122 | D:4      | Killed Eustachio
 12264 | D:4      | Killed Sigmund
 12618 | D:11     | Noticed a two-headed ogre
 12624 | D:11     | Killed a two-headed ogre
 12986 | D:11     | Noticed an unseen horror
 12991 | D:11     | Killed an unseen horror
 12991 | D:11     | Reached skill level 1 in Necromancy
 12991 | D:11     | Reached skill level 12 in Fire Magic
 13175 | D:11     | Noticed a two-headed ogre
 13190 | D:11     | Killed a two-headed ogre
 13190 | D:11     | Received a gift from Okawaru
 13204 | D:11     | Got a steaming hat {god gift}
 13215 | D:11     | Identified the +0 hat "Jorioggod" {rElec MR+++ Regen+ Dex-2} (Okawaru gifted it to you on level 11 of the Dungeon)
 13566 | D:11     | Noticed a red ugly thing
 13574 | D:11     | Mangled by a red ugly thing

Vault maps used:
D:1:      evilmike_arrival_rings
D:2:      okawaru_gym_becter, first_bread, makhleb_altar_promises_db
D:3:      eat_drink_and_be_merry_uskayaw, roderic_chinese_pattern_swastika,
          wad_orctagon
D:4:      grunt_decor_fettered, uniq_eustachio, uniq_sigmund
D:5:      slow_altar_1
D:6:      nemelex_xobeh_ov_fountains_minmay, minmay_temple_entry_mist
D:7:      tgw_trog, serial_shops, shop
D:8:      kennysheep_mini, david_lair_generic
D:10:     serial_shops, shop, the_bakery
D:11:     minmay_misc_feat_encased, grunt_ministairs_10
D:12:     portal_ice_cave_rime, uniq_rupert
Temple:   nicolae_temple_elliptical

Skill      XL: |  1  2  3  4  5  6  7  8  9 10 11 |
---------------+----------------------------------+-----
Spellcasting   | 2 |  2.1
Conjurations   | 2 3 4 5 6 8 10 11 | 11.1
Fire Magic     | 4 5 6 7 9 11 12 | 12.2
Fighting       | 1 2 4 5 |  5.0
Axes           | 1 2 3 4 5 6 7 |  7.8
Dodging        | 3 |  3.0
Necromancy     | 1 |  1.6
Stealth        | |  1.5

Action                   |  1- 3 |  4- 6 |  7- 9 | 10-12 || total
-------------------------+-------+-------+-------+-------++-------
Melee: Club              |    96 |       |       |       ||    96
       Short sword       |    21 |   134 |       |       ||   155
       War axe           |       |    57 |   249 |    41 ||   347
       Battleaxe         |       |       |       |   114 ||   114
Throw: Tomahawk          |       |     4 |     2 |    10 ||    16
       Javelin           |       |       |       |     3 ||     3
 Cast: Flame Tongue      |    28 |    46 |   125 |    60 ||   259
       Throw Flame       |       |     3 |     8 |     1 ||    12
       Conjure Flame     |       |     2 |    12 |     8 ||    22
       Sticky Flame      |       |       |     2 |    22 ||    24
       Animate Skeleton  |       |       |       |    32 ||    32
Invok: Heroism           |       |       |     1 |       ||     1
Evoke: Wand              |       |     4 |     2 |     1 ||     7
  Use: Scroll            |     4 |       |     5 |    13 ||    22
       Potion            |       |       |       |     3 ||     3
 Stab: Sleeping          |       |     1 |     1 |       ||     2
       Paralysed         |       |     8 |       |       ||     8
  Eat: Chunk             |     3 |     9 |    19 |    18 ||    49
       Fruit             |     1 |       |     2 |     6 ||     9
       Royal jelly       |       |       |       |     1 ||     1
Armor: Robe              |    53 |    16 |       |       ||    69
       Leather armour    |       |    64 |    92 |     6 ||   162
       Troll leather arm |       |       |       |    38 ||    38
       Pearl dragon scal |       |       |       |    58 ||    58
Dodge: Dodged            |    94 |   156 |   184 |   148 ||   582
